 Dungeon Crawl Stone Soup version bcrawl-1.12-10-g10a67aac0f (webtiles) character file.

Game seed: 9082410430919083107

2163 MisterOstroum the Insei (level 9, -7/67 HPs)
             Began as a Gnoll Transmuter on June 19, 2019.
             Was a Believer of Qazlal.
             Shot with an arrow by a centaur warrior (17 damage)
             ... on level 8 of the Dungeon.
             The game lasted 00:36:59 (6711 turns).

MisterOstroum the Insei (Gnoll Transmuter)          Turns: 6711, Time: 00:37:00

Health: -7/67      AC:  2    Str: 13    XL:     9   Next: 32%
Magic:  11/18      EV: 27    Int: 15    God:    Qazlal [**....]
Gold:   176        SH:  2    Dex: 24    Spells: 11/21 levels left

rFire    . . .     SeeInvis .     - Unarmed
rCold    . . .     Gourm    .   (shield currently unavailable)
rNeg     . . .     Faith    .   (armour currently unavailable)
rPois    x         Spirit   .   (helmet currently unavailable)
rElec    +         Reflect  .   (cloak currently unavailable)
rCorr    .         Harm     .   (gloves currently unavailable)
MR       .....                  (boots currently unavailable)
Stlth    +++.......             (no amulet)
HPRegen  0.21/turn              D - ring of insulation
MPRegen  0.16/turn              (no ring)

@: spider-form
A: tiny, distributed training, strong nose
a: End Transformation, Upheaval, Renounce Religion


You were on level 8 of the Dungeon.
You worshipped Qazlal.
Qazlal was pleased with you.
You were not hungry.
You were a venomous arachnid creature.
You visited 1 branch of the dungeon, and saw 8 of its levels.
You also visited: Sewer.

You collected 512 gold pieces.
You spent 336 gold pieces at shops.

Inventory:

Missiles
 a - 882 arrows
 h - 631 stones (quivered)
 t - 108 tomahawks
Armour
 b - a +0 robe (melded)
 c - a +0 ring mail
 i - a +0 plate armour
 m - a +2 helmet of see invisible (melded)
 s - a +1 cloak (melded)
 B - the +3 ring mail of the Ban {rElec Dex+3}
   (You found it on level 5 of the Dungeon)

   It affects your dexterity (+3).
   It insulates you from electricity.
 C - a +0 large shield
Jewellery
 y - an uncursed ring of fire
 D - a ring of insulation (left front leg)
Wands
 u - a wand of polymorph (18)
 x - a wand of scattershot (4)
 A - a wand of acid (6)
Scrolls
 f - a scroll of remove curse {@r2}
 j - 2 scrolls of amnesia
 k - 3 scrolls of fog {!r}
 q - 2 scrolls of noise
 v - 2 scrolls of identify {@r1}
 z - 2 scrolls of enchant weapon {unknown}
Potions
 d - 2 potions of lignification {@q6}
 g - a potion of mutation
Comestibles
 e - 11 rations {!d}
 l - 2 chunks of flesh


   Skills:
 + Level 4.9 Fighting
 + Level 4.0 Short Blades
 + Level 4.0 Long Blades
 + Level 4.0 Axes
 + Level 4.0 Maces & Flails
 + Level 4.0 Polearms
 + Level 4.0 Staves
 + Level 4.0 Slings
 + Level 4.0 Bows
 + Level 4.0 Crossbows
 + Level 4.0 Throwing
 + Level 4.0 Armour
 + Level 6.2 Dodging
 + Level 4.0 Stealth
 + Level 4.0 Shields
 + Level 7.8 Unarmed Combat
 + Level 6.5 Spellcasting
 + Level 3.3 Conjurations
 + Level 3.3 Hexes
 + Level 3.3 Charms
 + Level 3.3 Summonings
 + Level 3.3 Necromancy
 + Level 3.3 Translocations
 + Level 5.1 Transmutations
 + Level 3.3 Fire Magic
 + Level 3.3 Ice Magic
 + Level 3.3 Air Magic
 + Level 3.3 Earth Magic
 + Level 3.3 Poison Magic
 + Level 4.4 Invocations
 + Level 4.0 Evocations


You had 11 spell levels left.
You knew the following spells:

 Your Spells              Type           Power        Failure   Level  Hunger
b - Sticks to Snakes      Tmut           ###.....     10%         2    #......
c - Spider Form           Tmut/Pois      ###.......   21%         3    ##.....
d - Blade Hands           Tmut           ###.......   65%         5    ######.

Your spell library contained the following spells:

 Spells                   Type           Power        Failure   Level  Hunger
 Beastly Appendage        Tmut           ###...       7%          1    None
 Infusion                 Chrm           ##......     12%         1    None
 Song of Slaying          Chrm           ##......     16%         2    #......
 Ozocubu's Armour         Chrm/Ice       ##......     26%         3    ##.....
 Regeneration             Chrm/Necr      ##........   26%         3    ##.....
 Spectral Weapon          Hex/Chrm       ##......     26%         3    ##.....
 Ice Form                 Ice/Tmut       ###.....     45%         4    ####...


Dungeon Overview and Level Annotations

Branches:
Dungeon (8/12)             Temple (0/1) D:7
   Lair: D:7-10         Orc: D:8-11

Altars:
Ashenzari
Dithmenos
Lugonu
Nemelex Xobeh
Qazlal
Wu Jian
Xom
The Shining One

Shops:
D:5 }

Annotations:
D:5 2 transporters, 1 runed door, Arkanax's ghost, novice HOFi


Innate Abilities, Weirdness & Mutations

Your experience applies equally to all skills.
((You have very sharp teeth.))
Your uncanny sense of smell can sniff out nearby items.


Message History

Magic restored.
You are feeling very hungry.
HP restored.
h - 631 stones (gained 179)
You now have 164 gold pieces (gained 21).
Found a stone staircase leading down.
There is a stone staircase leading down here.
Found a robe.
You see here a robe.
You now have 176 gold pieces (gained 12).
t - 108 tomahawks (gained 40)
A centaur comes into view.
A centaur is nearby!
What are your orders? t - Hiss!
Orders for allies: a - Attack new target. r - Retreat! s - Stop attacking. g - Guard the area. f - Follow me.
Anything else - Cancel.
You hiss for attention!
The centaur shouts!
The centaur wields a +0 shortbow.
The centaur shoots an arrow.
The arrow closely misses you.
You start waiting.
The centaur is too close now for your liking.
The centaur unwields a +0 shortbow.
The centaur closely misses you.
You hit the centaur.
The centaur is poisoned.
The centaur is moderately wounded.
The centaur misses you. The centaur hits you!
You bite the centaur!
The centaur looks as sick as possible!
The centaur is severely wounded.
The centaur hits you.
You hit the centaur.
The centaur looks as sick as possible!
The centaur is severely wounded.
You block the centaur's attack. The centaur hits you.
You hit the centaur.
You kill the centaur!
Qazlal accepts your kill.
a - 780 arrows (gained 173)
Things that are here:
a +0 shortbow; a centaur corpse You butcher the centaur corpse.
l - 4 chunks of flesh
Things that are here:
a +0 shortbow; a centaur skeleton
a - 932 arrows (gained 152) Eating one of 4 chunks of flesh.
You eat one of the 4 chunks of flesh.
This raw flesh tastes terrible.
You are feeling hungry.
Eating one of 3 chunks of flesh.
You eat one of the 3 chunks of flesh.
This raw flesh tastes terrible.
HP restored.
Found a quarterstaff.
You see here a quarterstaff.
An orc priest comes into view. It is wielding a +0 hand axe.
The orc priest calls down the wrath of Beogh upon you.
Beogh smites you!
You hear a shout! x2
An orc priest is nearby!
An orc, an orc wizard and a centaur warrior come into view.
You hear a shout!
The orc priest completely misses you.
An orc comes into view. It is wielding a +0 trident.
The centaur warrior shouts!
You bite the orc priest!
The orc priest is poisoned.
The orc priest is heavily wounded.
The orc priest completely misses you.
You hit the orc priest.
You kill the orc priest!
Qazlal accepts your kill.
The centaur warrior wields a +0 shortbow.
The centaur warrior shoots an arrow.
The arrow barely misses you.
Casting: Spider Form (safe; 21% risk of failure)
Confirm with . or Enter, or press ? or * to list all spells.
You create a snake!
You now have arrows for 92 snakes.
The centaur warrior shoots an arrow.
The arrow hits you!!
The centaur warrior shoots an arrow.
The arrow completely misses you.
Casting: Sticks to Snakes (safe; 10% risk of failure)
Confirm with . or Enter, or press ? or * to list all spells.
You create a snake!
You now have arrows for 91 snakes.
The centaur warrior shoots an arrow.
The arrow hits your adder!!
Your adder dies!
The centaur warrior shoots an arrow.
The arrow hits you!!
* * * LOW HITPOINT WARNING * * *
Casting: Sticks to Snakes (safe; 10% risk of failure)
Confirm with . or Enter, or press ? or * to list all spells.
You create 2 snakes!
You now have arrows for 89 snakes.
Casting: Sticks to Snakes (safe; 10% risk of failure)
Confirm with . or Enter, or press ? or * to list all spells.
You create a snake!
You now have arrows for 88 snakes.
Your ball python barely misses the centaur warrior.
The centaur warrior unwields a +0 shortbow.
You block the centaur warrior's attack.
Your ball python closely misses the centaur warrior.
The centaur warrior wields a +0 shortbow.
The centaur warrior shoots an arrow.
The arrow barely misses you.
Your ball python closely misses the centaur warrior.
Your ball python bites the centaur warrior but does no damage.
The centaur warrior shoots an arrow.
The arrow barely misses your adder. The arrow hits you!
You die...

###.o##### #.#
#.# ..... ... #.#
#.# #.)# #.# #.#
#.# #.##..# #.#
#.# #.#
#....c###.# #.#
#.# #.....o...#
#.# #.#
#..#.####.# #.#
#.#
#..#.####c#####)#
#.# #.
#.....#..c.#s#
#.#
...######.###.#.#
#.# ##.........#
#.#S###.#
.#########
#ScS....#
#########S#####
..........#
###########


You could see a centaur warrior, a friendly adder and 2 friendly ball pythons.

Vanquished Creatures
  Menkaure (D:4)
  Duvessa (D:6)
  4 ogres
  2 ice beasts
  A sky beast (D:6)
  2 centaurs
  A crocodile (Sewer)
  A bullfrog (D:6)
  Dowan (D:6)
  A killer bee (D:7)
  5 scorpions
  A howler monkey (D:4)
  A quasit (D:6)
  A bullfrog zombie (D:7)
  A centaur skeleton (D:6)
  A hound (D:3)
  A jelly (D:5)
  2 orc priests
  Jessica (D:3)
  3 iguanas
  An orc wizard (D:3)
  2 worker ants
  3 hound skeletons
  A howler monkey skeleton (D:3)
  9 adders
  3 river rats (D:4)
  A shadow imp (D:5)
  3 oozes
  A dart slug (D:1)
  5 worms
  2 leopard geckos
  6 orcs
  10 bats
  2 giant cockroaches
  8 hobgoblins
  2 jackals (D:3)
  10 kobolds
  4 quokkas
  2 ball pythons (D:3)
  A frilled lizard (D:4)
  8 goblins
  A leopard gecko skeleton (D:4)
  8 rats
125 creatures vanquished.

Vanquished Creatures (others)
  3 plants (D:7)
3 creatures vanquished.

Grand Total: 128 creatures vanquished

Notes
Turn   | Place    | Note
-------+----------+-------------------------------------------
     0 | D:1      | MisterOstroum the Gnoll Transmuter began the quest for the
                  | Orb.
     0 | D:1      | Reached XP level 1. HP: 17/17 MP: 6/6
    76 | D:1      | Reached XP level 2. HP: 23/23 MP: 5/7
   307 | D:1      | Learned a level 2 spell: Sticks to Snakes
   538 | D:2      | Reached XP level 3. HP: 25/28 MP: 9/9
   587 | D:2      | Learned a level 3 spell: Spider Form
   672 | D:2      | Reached skill level 5 in Spellcasting
   727 | D:2      | Reached skill level 1 in Invocations
   784 | D:2      | Found a stormy altar of Qazlal.
   843 | D:2      | Became a worshipper of Qazlal Stormbringer
  1122 | D:2      | Found a shattered altar of Ashenzari.
  1282 | D:3      | Reached skill level 1 in Short Blades
  1282 | D:3      | Reached skill level 1 in Long Blades
  1282 | D:3      | Reached skill level 1 in Axes
  1282 | D:3      | Reached skill level 1 in Maces & Flails
  1282 | D:3      | Reached skill level 1 in Polearms
  1282 | D:3      | Reached skill level 1 in Staves
  1282 | D:3      | Reached skill level 1 in Slings
  1282 | D:3      | Reached skill level 1 in Bows
  1282 | D:3      | Reached skill level 1 in Crossbows
  1282 | D:3      | Reached skill level 1 in Throwing
  1282 | D:3      | Reached skill level 1 in Armour
  1282 | D:3      | Reached skill level 1 in Stealth
  1282 | D:3      | Reached skill level 1 in Shields
  1282 | D:3      | Reached skill level 1 in Evocations
  1282 | D:3      | Reached XP level 4. HP: 31/34 MP: 9/11
  1317 | D:3      | Reached skill level 1 in Conjurations
  1317 | D:3      | Reached skill level 1 in Hexes
  1317 | D:3      | Reached skill level 1 in Charms
  1317 | D:3      | Reached skill level 1 in Summonings
  1317 | D:3      | Reached skill level 1 in Necromancy
  1317 | D:3      | Reached skill level 1 in Translocations
  1317 | D:3      | Reached skill level 1 in Fire Magic
  1317 | D:3      | Reached skill level 1 in Ice Magic
  1317 | D:3      | Reached skill level 1 in Air Magic
  1317 | D:3      | Reached skill level 1 in Earth Magic
  1317 | D:3      | Reached skill level 1 in Poison Magic
  1420 | D:3      | Reached XP level 5. HP: 40/40 MP: 8/12
  1453 | D:3      | Noticed Jessica
  1461 | D:3      | Learned a level 5 spell: Blade Hands
  1466 | D:3      | Killed Jessica
  1775 | D:3      | HP: 2/41 [orc priest/divine providence (14)]
  1803 | D:3      | Reached XP level 6. HP: 8/47 MP: 6/13
  2546 | D:3      | Reached * piety under Qazlal
  3032 | D:4      | Reached skill level 5 in Dodging
  3050 | D:4      | Reached XP level 7. HP: 44/52 MP: 10/15
  3167 | D:4      | Reached skill level 7 in Unarmed Combat
  3245 | D:4      | Noticed Menkaure
  3251 | D:4      | Killed Menkaure
  3483 | D:4      | Found a glowing drain.
  3491 | Sewer    | Entered a sewer
  3769 | D:5      | Entered Level 5 of the Dungeon
  3888 | D:5      | Found a transporter.
  3889 | D:5      | Noticed Arkanax's ghost (novice HOFi)
  3933 | D:5      | Found an ornate altar of the Wu Jian Council.
  3950 | D:5      | Found Tyoskeh's Gadget Shoppe.
  3960 | D:5      | Bought a wand of scattershot (4) for 336 gold pieces
  3965 | D:5      | Reached ** piety under Qazlal
  3965 | D:5      | Reached XP level 8. HP: 60/60 MP: 12/16
  4054 | D:5      | Found a shadowy altar of Dithmenos.
  4182 | D:5      | Found a transporter.
  4188 | D:5      | Got a smoking ring mail
  4199 | D:5      | Identified the +3 ring mail of the Ban {rElec Dex+3} (You
                  | found it on level 5 of the Dungeon)
  4408 | D:5      | Found a shimmering altar of Xom.
  4421 | D:5      | Found a glowing golden altar of the Shining One.
  4424 | D:5      | Found a sparkling altar of Nemelex Xobeh.
  4427 | D:5      | Found a corrupted altar of Lugonu.
  4632 | D:5      | Found a runed door.
  5257 | D:6      | Noticed Duvessa
  5258 | D:6      | Noticed Dowan
  5269 | D:6      | Killed Duvessa
  5272 | D:6      | Killed Dowan
  5743 | D:7      | Found a staircase to the Ecumenical Temple.
  5762 | D:7      | Reached XP level 9. HP: 61/66 MP: 18/18
  5827 | D:7      | Reached skill level 5 in Transmutations
  5915 | D:8      | HP: 3/66 [poisoned by an adder]
  5922 | D:8      | HP: 3/66 [poisoned by an adder]
  5930 | D:8      | HP: 2/66 [poisoned by an adder]
  6690 | D:8      | Noticed a centaur warrior
  6711 | D:8      | Shot with an arrow by a centaur warrior

Skill      XL: |  1  2  3  4  5  6  7  8  9 |
---------------+----------------------------+-----
Spellcasting   | 5 6 |  6.5
Invocations    | 1 2 3 4 |  4.4
Short Blades   | 1 2 3 4 |  4.0
Long Blades    | 1 2 3 4 |  4.0
Axes           | 1 2 3 4 |  4.0
Maces & Flails | 1 2 3 4 |  4.0
Polearms       | 1 2 3 4 |  4.0
Staves         | 1 2 3 4 |  4.0
Slings         | 1 2 3 4 |  4.0
Bows           | 1 2 3 4 |  4.0
Crossbows      | 1 2 3 4 |  4.0
Throwing       | 1 2 3 4 |  4.0
Armour         | 1 2 3 4 |  4.0
Stealth        | 1 2 3 4 |  4.0
Shields        | 1 2 3 4 |  4.0
Evocations     | 1 2 3 4 |  4.0
Conjurations   | 1 2 3 |  3.3
Hexes          | 1 2 3 |  3.3
Charms         | 1 2 3 |  3.3
Summonings     | 1 2 3 |  3.3
Necromancy     | 1 2 3 |  3.3
Translocations | 1 2 3 |  3.3
Fire Magic     | 1 2 3 |  3.3
Ice Magic      | 1 2 3 |  3.3
Air Magic      | 1 2 3 |  3.3
Earth Magic    | 1 2 3 |  3.3
Poison Magic   | 1 2 3 |  3.3
Fighting       | 3 4 |  4.9
Transmutations | 4 5 |  5.1
Dodging        | 5 6 |  6.2
Unarmed Combat | 7 |  7.8

Action                   |  1- 3 |  4- 6 |  7- 9 || total
-------------------------+-------+-------+-------++-------
Melee: Unarmed           |    62 |   120 |   179 ||   361
       Headbutt          |     4 |       |       ||     4
       Bite              |     5 |     4 |     5 ||    14
       Punch             |     2 |     1 |     1 ||     4
       Kick              |     2 |       |       ||     2
       Falchion          |       |       |     1 ||     1
Throw: Stone             |    26 |    45 |    21 ||    92
 Cast: Beastly Appendage |     4 |       |       ||     4
       Spider Form       |     2 |    12 |    13 ||    27
       Sticks to Snakes  |       |     6 |     6 ||    12
       Blade Hands       |       |     2 |     2 ||     4
Invok: Upheaval          |       |       |     6 ||     6
 Abil: End Transformatio |       |       |     4 ||     4
  Use: Potion            |       |     2 |     6 ||     8
       Scroll            |       |       |    13 ||    13
 Stab: Sleeping          |     2 |       |       ||     2
  Eat: Chunk             |       |     5 |    12 ||    17
       Ration            |       |     1 |     1 ||     2
Armor: Robe              |     1 |    12 |    15 ||    28
       Skin              |       |     1 |    10 ||    11
Dodge: Dodged            |    36 |    79 |   156 ||   271
Block: Other             |       |       |    13 ||    13
